 Dungeon Crawl Stone Soup version 0.22-a0-274-gf8199ec (webtiles) character file.

184 Amnesiac the Magician (level 5, -6/38 HPs)
             Began as a Mummy Wizard on Mar 13, 2018.
             Mangled by Crazy Yiuf
             ... wielding a +3 quarterstaff of chaos
              (7 damage)
             ... on level 3 of the Dungeon.
             The game lasted 00:04:45 (2959 turns).

Amnesiac the Magician (Mummy Wizard)                Turns: 2959, Time: 00:04:46

Health: -6/38      AC:  8    Str: 11    XL:     5   Next: 36%
Magic:  7/11       EV: 12    Int: 18    God:
Gold:   91         SH:  0    Dex: 10    Spells: 1/12 levels left

rFire    x . .     SeeInvis .   a - +0 hunting sling
rCold    + + .     Gourm    .   (no shield)
rNeg     + + +     Faith    .   q - +3 leather armour {rC+}
rPois    ∞         Spirit   .   i - +0 helmet
rElec    .         Reflect  .   (no cloak)
rCorr    .         Harm     .   m - +0 pair of gloves
MR       .....                  (no boots)
Stlth    +.........             (no amulet)
HPRegen  0.12/turn              e - ring of flight
MPRegen  0.12/turn              (no ring)

@: confused, very slightly contaminated
A: no food or potions, fire vulnerability, cold resistance 1, negative energy
resistance 3, torment resistance, unbreathing
a: Evoke Flight


You were on level 3 of the Dungeon.
You were not hungry.

You visited 1 branch of the dungeon, and saw 3 of its levels.

You collected 91 gold pieces.

Inventory:

Hand Weapons
 a - a +0 hunting sling (weapon)
 b - a +1 dagger of speed
Missiles
 f - 7 poisoned needles
 l - 9 stones
 o - 4 sling bullets (quivered)
Armour
 i - a +0 helmet (worn)
 m - a +0 pair of gloves (worn)
 q - a +3 leather armour of cold resistance (worn)
Jewellery
 e - a ring of flight (left hand)
Wands
 c - a wand of iceblast (6)
Scrolls
 d - 5 scrolls of remove curse {!r}
 g - 2 scrolls of magic mapping {!r, unknown}
 h - a scroll of amnesia {!r, unknown}
 j - a scroll of blinking {!r, unknown}
 k - 5 scrolls of identify {!r, unknown}
 n - a scroll of immolation {!r, unknown}
 p - a scroll of fog {!r, unknown}


   Skills:
 + Level 1.9 Fighting
 * Level 3.0 Dodging
 - Level 1.5 Stealth
 - Level 4.0 Spellcasting
 + Level 3.0 Conjurations
 - Level 0.7 Summonings
 - Level 0.7 Translocations


You had one spell level left.
You knew the following spells:

 Your Spells              Type           Power        Failure   Level  Hunger
a - Magic Dart            Conj           ##..         5%          1    N/A
b - Call Imp              Summ           #.......     22%         2    N/A
e - Mephitic Cloud        Conj/Pois/Air  #.......     36%         3    N/A
s - Conjure Flame         Conj/Fire      #.......     30%         3    N/A
v - Blink                 Tloc           N/A          22%         2    N/A

Dungeon Overview and Level Annotations

Branches:
Dungeon (3/15)

Altars:

Annotations:
D:3 Crazy Yiuf


Innate Abilities, Weirdness & Mutations

You do not eat or drink.
Your flesh is vulnerable to fire.
You are immune to poison.
Your flesh is cold resistant. (rC+)
You are immune to negative energy. (rN+++)
You are immune to unholy pain and torment.
You can survive without breathing.


Message History

Crazy Yiuf is moderately wounded.
Crazy Yiuf says, "Snower!"
Firing (i - inventory. (/) - cycle)
o - 11 sling bullets (quivered)
Press: ? - help, Shift-Dir - straight line, f/p - Crazy Yiuf
Aim: Crazy Yiuf, wielding a quarterstaff of chaos and wearing a glowing cloak (moderately wounded, fast)
You shoot a sling bullet. The sling bullet hits Crazy Yiuf.
Crazy Yiuf is moderately wounded.
Crazy Yiuf grits, "Gum noodlescoop ladder!"
Firing (i - inventory. (/) - cycle)
o - 10 sling bullets (quivered)
Press: ? - help, Shift-Dir - straight line, f/p - Crazy Yiuf
Aim: Crazy Yiuf, wielding a quarterstaff of chaos and wearing a glowing cloak (moderately wounded, fast)
You shoot a sling bullet.
The sling bullet closely misses Crazy Yiuf.
Firing (i - inventory. (/) - cycle)
o - 9 sling bullets (quivered)
Press: ? - help, Shift-Dir - straight line, f/p - Crazy Yiuf
Aim: Crazy Yiuf, wielding a quarterstaff of chaos and wearing a glowing cloak (moderately wounded, fast)
You shoot a sling bullet. The sling bullet hits Crazy Yiuf!
Crazy Yiuf is severely wounded.
Firing (i - inventory. (/) - cycle)
o - 8 sling bullets (quivered)
Press: ? - help, Shift-Dir - straight line, f/p - Crazy Yiuf
Aim: Crazy Yiuf, wielding a quarterstaff of chaos and wearing a glowing cloak (severely wounded, fast)
You shoot a sling bullet. The sling bullet hits Crazy Yiuf.
Crazy Yiuf is severely wounded.
Firing (i - inventory. (/) - cycle)
o - 7 sling bullets (quivered)
Press: ? - help, Shift-Dir - straight line, f/p - Crazy Yiuf
Aim: Crazy Yiuf, wielding a quarterstaff of chaos and wearing a glowing cloak (severely wounded, fast)
You shoot a sling bullet. The sling bullet hits Crazy Yiuf.
Crazy Yiuf is almost dead.
Crazy Yiuf says, "Crazy?
Crazy!?
PORCUPINE!"
Firing (i - inventory. (/) - cycle)
o - 6 sling bullets (quivered)
Press: ? - help, Shift-Dir - straight line, f/p - Crazy Yiuf
Aim: Crazy Yiuf, wielding a quarterstaff of chaos and wearing a glowing cloak (severely wounded, fast)
You shoot a sling bullet. The sling bullet hits Crazy Yiuf.
Crazy Yiuf is almost dead.
Firing (i - inventory. (/) - cycle)
o - 5 sling bullets (quivered)
Press: ? - help, Shift-Dir - straight line, f/p - Crazy Yiuf
Aim: Crazy Yiuf, wielding a quarterstaff of chaos and wearing a glowing cloak (almost dead, fast)
You shoot a sling bullet.
The sling bullet closely misses Crazy Yiuf.
Crazy Yiuf hits you with a quarterstaff of chaos.
You are confused.
You are too confused!
You're too confused to cast spells.
You are too confused!
You are too confused!
Unknown command.
You bump into the rock wall.
Crazy Yiuf yells, "Prologue koolooloo foot!"
Crazy Yiuf hits you with a quarterstaff of chaos.
Crazy Yiuf closely misses you.
You bump into the rock wall.
Crazy Yiuf screams, "Adder!
Whippet seventy disdain."
Crazy Yiuf closely misses you.
You clumsily bash Crazy Yiuf but do no damage.
Crazy Yiuf is almost dead.
Crazy Yiuf says, "Goober verde action!"
Crazy Yiuf hits you with a quarterstaff of chaos!
You are electrocuted!
Ouch! That really hurt!
* * * LOW HITPOINT WARNING * * *
Crazy Yiuf barely misses you.
You bump into the rock wall.
Crazy Yiuf hits you with a quarterstaff of chaos!
You die...

#.#
#.#....:.........#)..
#.#
###....####......##..
#.# #....#
###..<.###. ####.#
#....# #....# #.
.....# #...## ##..##
#. .##### ##.##
####..####.
.########### #.##
#..........
...........# ##.#
####..#####
##########.# #@##
#....... #.# ##g#
#.#####. #.# #'# #.#
#. #.# .(. #.# ## #.#
#...# ####.# # #.#
#.()# #....# #.#
##### #.#### #.# #.#
#.# ### #.#########


You could see Crazy Yiuf.

Vanquished Creatures
  Ijyb (D:3)
  4 gnolls (D:3)
  6 adders
  An ooze (D:2)
  2 worms (D:2)
  2 dart slugs (D:2)
  9 bats
  6 giant cockroaches
  7 goblins
  3 hobgoblins (D:1)
  4 kobolds
  3 quokkas (D:3)
  7 frilled lizards
  8 rats
63 creatures vanquished.

Notes
Turn   | Place    | Note
-------+----------+-------------------------------------------
     0 | D:1      | Amnesiac the Mummy Wizard began the quest for the Orb.
     0 | D:1      | Reached XP level 1. HP: 13/13 MP: 5/5
    42 | D:1      | Reached skill level 1 in Conjurations
    88 | D:1      | Reached XP level 2. HP: 17/19 MP: 7/7
    92 | D:1      | Learned a level 2 spell: Blink
    95 | D:1      | Learned a level 2 spell: Call Imp
   743 | D:2      | Reached XP level 3. HP: 15/24 MP: 8/8
   748 | D:2      | Learned a level 3 spell: Mephitic Cloud
  1406 | D:2      | Reached XP level 4. HP: 31/31 MP: 10/10
  1411 | D:2      | Learned a level 3 spell: Conjure Flame
  1438 | D:2      | Reached skill level 1 in Fighting
  1844 | D:3      | Noticed Ijyb
  1888 | D:3      | Killed Ijyb
  2038 | D:3      | Reached XP level 5. HP: 36/37 MP: 3/11
  2115 | D:3      | Found a runed door.
  2943 | D:3      | Noticed Crazy Yiuf
  2958 | D:3      | HP: 1/38 [Crazy Yiuf/quarterstaff of chaos (19)]
  2959 | D:3      | Mangled by Crazy Yiuf

Vault maps used:
D:1:      enne_arrival_octagon_isle
D:2:      first_ration
D:3:      uniq_crazy_yiuf_cottage, uniq_ijyb

Skill      XL: |  1  2  3  4  5 |
---------------+----------------+-----
Conjurations   | 1 2 3 |  3.0
Dodging        | 2 3 |  3.0
Fighting       | 1 |  1.9
Stealth        | |  1.5
Spellcasting   | |  4.0
Summonings     | |  0.7
Translocations | |  0.7

Action                   |  1- 3 |  4- 6 || total
-------------------------+-------+-------++-------
Melee: Dagger            |       |    55 ||    55
       Hunting sling     |       |     1 ||     1
 Fire: Hunting sling     |   136 |    75 ||   211
 Cast: Magic Dart        |     1 |    28 ||    29
       Mephitic Cloud    |       |     2 ||     2
       Conjure Flame     |       |     1 ||     1
  Use: Scroll            |       |     1 ||     1
 Stab: Sleeping          |       |     2 ||     2
Armor: Robe              |    15 |     6 ||    21
       Leather armour    |       |    26 ||    26
Dodge: Dodged            |    43 |    78 ||   121

Table legend:
 A = Spawn XP
 B = Non-spawn XP
 C = Spawn XP percentage of total XP
 D = Spawn monster count
 E = Non-spawn monster count
 F = Spawn count percentage of total count
 G = Total turns spent on level
                    A         B        C        D         E        F      G
               +---------+---------+-------+---------+---------+-------+---------
         Total |       0 |     263 |   0.0 |       0 |      63 |   0.0 |  2959
               +---------+---------+-------+---------+---------+-------+---------
           D:1 |       0 |      29 |   0.0 |       0 |      20 |   0.0 |   625
           D:2 |       0 |      88 |   0.0 |       0 |      22 |   0.0 |  1128
           D:3 |       0 |     146 |   0.0 |       0 |      21 |   0.0 |  1206
               +---------+---------+-------+---------+---------+-------+---------
